 Dungeon Crawl Stone Soup version 0.29.1-1-gd02db6906a (webtiles) character file.

Game seed: 9869643981585341925

10 Ashen the Chiller (level 2, 0/20 HPs)
             Began as a Demonspawn Ice Elementalist on Sept 30, 2022.
             Slain by a kobold
             ... wielding a +0 whip
              (3 damage)
             ... on level 1 of the Dungeon.
             The game lasted 00:00:44 (583 turns).

Ashen the Chiller (Demonspawn Ice Elementalist)      Turns: 583, Time: 00:00:44

Health: 0/20       AC:  2    Str:  8    XL:     2   Next: 10%
Magic:  5/5        EV: 12    Int: 16    God:
Gold:   54         SH:  0    Dex: 13    Spells: 4/5 levels left

rFire   . . .      SeeInvis .   (no weapon)
rCold   . . .      Faith    .   (no shield)
rNeg    . . .      Spirit   .   a - +0 robe
rPois   +          Reflect  .   (no helmet)
rElec   .          Harm     .   (no cloak)
rCorr   .          Rampage  .   (no gloves)
Will    .....                   (no boots)
Stlth   ++........              (no amulet)
HPRegen 0.06/turn               d - ring of poison resistance
MPRegen 0.09/turn               (no ring)

@: no status effects
A: foul stench 1
a: no special abilities


You were on level 1 of the Dungeon.
You visited 1 branch of the dungeon, and saw 1 of its levels.

You collected 54 gold pieces.

Inventory:

Armour
 a - a +0 robe (worn)
Jewellery
 d - a ring of poison resistance (left hand)
Scrolls
 c - a scroll of noise {unknown}
 e - a scroll of poison {unknown}
 f - 3 scrolls of identify {unknown}
Potions
 b - a potion of magic


   Skills:
 + Level 0.3 Fighting
 + Level 1.9 Dodging
 + Level 1.9 Stealth
 * Level 2.2 Spellcasting
 * Level 3.7 Ice Magic


You had 4 spell levels left.
You knew the following spells:

 Your Spells              Type           Power      Damage    Failure   Level
a - Freeze                Ice            52%        1d7       4%          1

Your spell library contained the following spells:

 Spells                   Type           Power      Damage    Failure   Level
 Frozen Ramparts          Ice            26%        1d4       13%         3
 Ozocubu's Armour         Ice            13%        N/A       13%         3
 Hailstorm                Conj/Ice       7%         3d4       67%         4


Dungeon Overview and Level Annotations

Branches:
Dungeon (1/15)

Altars:


Innate Abilities, Weirdness & Mutations

You may rarely emit foul miasma when damaged in melee.


Message History

You hit the frilled lizard.
You kill the frilled lizard!
You hit the endoplasm.
The endoplasm is lightly wounded.
The endoplasm freezes you.
You are frozen.
You hit the endoplasm but do no damage.
The endoplasm is lightly wounded.
The endoplasm hits you.
You barely miss the endoplasm.
The endoplasm is lightly wounded.
The endoplasm completely misses you.
You hit the endoplasm.
The endoplasm is moderately wounded.
The endoplasm hits you but does no damage.
You hit the endoplasm.
The endoplasm is heavily wounded.
The endoplasm hits you but does no damage.
You hit the endoplasm.
You punch the endoplasm, but do no damage.
The endoplasm is severely wounded.
The endoplasm barely misses you.
You hit the endoplasm but do no damage. You punch the endoplasm.
The endoplasm is almost dead.
The endoplasm freezes you.
You are frozen.
You hit the endoplasm but do no damage.
The endoplasm is almost dead.
The endoplasm hits you.
You hit the endoplasm.
You kill the endoplasm!
There is an open door here.
You see here a frilled lizard corpse.
The kobold shouts!
The kobold hits you with a +0 whip.
* * * LOW HITPOINT WARNING * * *
The kobold attacks as you move away! The kobold hits you with a +0 whip.
* * * LOW HITPOINT WARNING * * *
The kobold attacks as you move away! The kobold hits you with a +0 whip.
You die...

#.# #.# ###### #.# #.#
#....# #.######'#####
#....###.##....†....#
#.>......##.........#
#....######.........#
##....######......?..#
................K....#
......^.........@....#
..................r.....
.......#####.........###
##.........#######...#
######'##...## ...#
#..####.## .....
#..####.## ...###
#..####.#####...#
#..####.#####...#


You could see a kobold and a rat (wandering).

Vanquished Creatures
  A dart slug (D:1)
  An endoplasm (D:1)
  A hobgoblin (D:1)
  A quokka (D:1)
  4 frilled lizards (D:1)
  A kobold (D:1)
9 creatures vanquished.

Notes
Turn   | Place    | Note
-------+----------+-------------------------------------------
     0 | D:1      | Ashen the Demonspawn Ice Elementalist began the quest for
                  | the Orb.
     0 | D:1      | Reached XP level 1. HP: 13/13 MP: 3/3
   368 | D:1      | Found a faded altar of an unknown god.
   560 | D:1      | Gained mutation: You may rarely emit foul miasma when
                  | damaged in melee. [demonic ancestry]
   560 | D:1      | Reached XP level 2. HP: 19/19 MP: 3/5
   583 | D:1      | Slain by a kobold

Illustrated notes

Levels and vault maps discovered:
D:1:      evilmike_arrival_hilbert_curve, layout_basic,
          shapermc_ecumenical_altar_mp_vishouse, reono_crystal_passage

Action                   || total
-------------------------++-------
Melee: Unarmed           ||    18
       Punch             ||     2
 Cast: Freeze            ||    10
Armor: Robe              ||     4
Dodge: Dodged            ||    13
